 Dungeon Crawl Stone Soup version 0.29.0-15-g675c0067aa (webtiles) character file.

Game seed: 2513839524653768124

9619 qw the Severer (level 11, -6/129 (151) HPs)
             Began as a Minotaur Berserker on Sept 12, 2022.
             Was a Priest of Trog.
             Mangled by a spectral orc warrior
             ... wielding a +0 trident
             ... summoned by Nergalle
              (7 damage)
             ... on level 1 of the Lair of Beasts.
             The game lasted 00:03:38 (10997 turns).

qw the Severer (Minotaur Berserker)                Turns: 10997, Time: 00:03:38

HP:   -6/129 (151)  AC: 16    Str: 27    XL:     11   Next: 25%
MP:   0/10          EV:  8    Int:  4    God:    Trog [***...]
Gold: 391           SH:  0    Dex:  7    Spells: 10/10 levels left

rFire   . . .      SeeInvis +   Y - +0 war axe
rCold   . . .      Faith    .   (no shield)
rNeg    . . .      Spirit   +   t - +0 plate armour
rPois   +          Reflect  .   (helmet restricted)
rElec   .          Harm     .   m - +0 cloak
rCorr   .          Rampage  .   (no gloves)
Will    .....                   i - +0 pair of boots
Stlth   ..........              b - amulet of guardian spirit
HPRegen 0.31/turn               e - ring of see invisible
MPRegen 0.12/turn               n - ring of poison resistance

@: berserking, heavily drained, very quick
A: horns 2, retaliatory headbutt, clumsy 1
a: Renounce Religion, Berserk, Trog's Hand


You were on level 1 of the Lair of Beasts.
You worshipped Trog.
Trog was most pleased with you.
You visited 2 branches of the dungeon, and saw 9 of its levels.

You collected 436 gold pieces.
You spent 45 gold pieces at shops.


Innate Abilities, Weirdness & Mutations

You have a pair of horns on your head.
You reflexively headbutt those who attack you in melee.
You are clumsy. (Dex -2)


   Skills:
 - Level 10.6 Fighting
 - Level 16.2 Axes
 - Level 3.4 Throwing
 + Level 8.6 Armour
 - Level 2.1 Dodging


You had 10 spell levels left.
You didn't know any spells.
Your spell library was empty.

Inventory:

Hand Weapons
 j - a +0 flail
 Y - a +0 war axe (weapon)
Missiles
 d - 3 boomerangs
 h - 12 javelins (quivered)
Armour
 i - a +0 pair of boots (worn)
 m - a +0 cloak (worn)
 t - a +0 plate armour (worn)
Jewellery
 b - an amulet of guardian spirit (around neck)
 e - a ring of see invisible (left hand)
 n - a ring of poison resistance (right hand)
 q - a ring of ice
Scrolls
 a - a scroll of identify
Potions
 c - 2 potions of mutation
 f - 2 potions of cancellation
 g - a potion of heal wounds {unknown}
 k - a potion of resistance {unknown}
 l - a potion of haste
 o - 3 potions of curing
 p - 2 potions of degeneration {unknown}
 r - a potion of magic {unknown}
 s - 2 potions of might {unknown}

Dungeon Overview and Level Annotations

Branches:
Dungeon (8/15)             Temple (0/1) D:5            Lair (1/5) D:8

Altars:
Dithmenos
Makhleb
Nemelex Xobeh
Ru
Trog
Uskayaw
Wu Jian

Shops:
D:4 (

Annotations:
D:3 Natasha
D:7 3 runed translucent doors, qw's ghost, novice MiBe
Lair:1 Nergalle


Message History

You hit the spectral orc knight but do no damage.
You hit the spectral orc warrior. You hit the plant but do no damage.
Nergalle gestures at you while chanting.
Orcish apparitions take form around you.
You hit the spectral orc knight but do no damage.
You headbutt the spectral orc knight.
The spectral orc knight is heavily damaged.
You slash the plant!
You barely miss the spectral orc knight.
You hit the spectral orc warrior.
The spectral orc knight barely misses you.
The spectral orc knight hits you with a +0 great sword!
You feel drained.
The spectral orc warrior barely misses you.
You hit the spectral orc knight.
The spectral orc knight is severely damaged.
You slash the spectral orc knight! You hit the spectral orc warrior.
You hit the plant.
A nearby plant withers and dies.
Nergalle points at you and mumbles some strange words.
Orcish apparitions take form around you.
The spectral orc warrior hits you with a +0 long sword.
You feel drained.
The spectral orc knight hits you with a +0 great sword!
You feel drained.
The spectral orc knight hits you with a +1 battleaxe of venom!
You feel drained.
10997 ||| INVOKING Berserk.
A red film seems to cover your vision as you go berserk!
You feel yourself moving faster!
You feel mighty!
The spectral orc warlord hits you with a +2 vorpal battleaxe!
You feel drained.
The spectral orc warrior barely misses you.
You furiously retaliate!
You headbutt the spectral orc warrior!
The spectral orc knight hits you but does no damage.
The spectral orc knight hits you with a +0 great sword!
The spectral orc knight hits you from afar with a +0 vorpal bardiche!
You feel drained.
The spectral orc warrior hits you with a +0 trident!
You die...

#.##..# ##### ##......#...
#.....#####.#.### ##.........
##..#............######.......##
#.####......................#.#
### ###...####P##.#.#......###
##### #########.....# #####
#......## #####ZZ.## ###.....P#
......Z@Z####........###
...o..ZZZZ........#.....
#.###..##Z#P..#......### ###
######.......... ####.......}.
#######P##...+.....
#........>..##.####
#...####....###.... #..P#
##....####..


You could see Nergalle, 2 spectral orcs, 3 spectral orc warriors, 3 spectral orc
knights and a spectral orc warlord (summoned).

Vanquished Creatures
  Gastronok (Lair:1)
  Fannar (Lair:1)
  A hydra (Lair:1)
  3 death yaks (Lair:1)
  4 cane toads (Lair:1)
  A troll (D:7)
  Grinder (D:3)
  Sigmund (D:2)
  3 yaks (D:8)
  A basilisk (Lair:1)
  A steam dragon (D:6)
  An acid dragon (D:8)
  4 water moccasins
  An orc warrior (D:8)
  3 sky beasts
  A black bear (D:8)
  An ogre (D:4)
  3 centaurs
  A phantom (D:5)
  2 kobold brigands
  6 bullfrogs
  A gnoll sergeant (D:5)
  2 elf skeletons (D:7)
  5 scorpions (D:5)
  A howler monkey (D:6)
  A lava snake (D:7)
  An orc priest (D:8)
  2 hounds
  3 jellies
  A gnoll bouda (D:6)
  3 human skeletons (D:7)
  Natasha (twice) (D:3)
  4 iguanas
  6 orc wizards
  7 gnolls
  8 adders
  A shadow imp (D:5)
  3 white imps
  3 worms
  A dart slug (D:3)
  22 orcs
  7 ball pythons
  2 bats (D:3)
  An endoplasm (D:3)
  4 giant cockroaches
  7 hobgoblins
  18 kobolds
  2 quokkas
  3 frilled lizards
  3 goblins
  An orc skeleton (D:7)
  13 rats
179 creatures vanquished.

Vanquished Creatures (others)
  5 fungi
  10 plants
15 creatures vanquished.

Grand Total: 194 creatures vanquished

Notes
Turn   | Place    | Note
-------+----------+-------------------------------------------
     0 | D:1      | qw the Minotaur Berserker began the quest for the Orb.
     0 | D:1      | Reached XP level 1. HP: 19/19 MP: 0/0
     0 | D:1      | 0 ||| qw: Version: 0.1-a-119-g272c26d
     0 | D:1      | 0 ||| qw: Game counter: 10865
     0 | D:1      | 0 ||| qw: Always use a shield: true
     0 | D:1      | 0 ||| qw: Do Orc after D:15 true
     0 | D:1      | 0 ||| qw: Do second Lair branch before Depths: true
     0 | D:1      | 0 ||| qw: Lair rune preference: random
     0 | D:1      | 0 ||| qw: Plans: Normal
     0 | D:1      | 0 ||| PLANNING D:1-11
   127 | D:1      | 127 ||| Stepping ~*~*~tactically~*~*~ (stealth).
   129 | D:1      | 129 ||| Stepping ~*~*~tactically~*~*~ (stealth).
   133 | D:1      | 133 ||| Stepping ~*~*~tactically~*~*~ (stealth).
   137 | D:1      | 137 ||| INVOKING Berserk.
   137 | D:1      | HP: 6/28 [kobold/+2 whip of holy wrath (1)]
   144 | D:1      | 144 ||| Stepping ~*~*~tactically~*~*~ (stealth).
   150 | D:1      | HP: 1/19 [hobgoblin (4)]
   445 | D:1      | Reached skill level 4 in Axes
   445 | D:1      | 445 ||| Stepping ~*~*~tactically~*~*~ (stealth).
   446 | D:1      | 446 ||| Stepping ~*~*~tactically~*~*~ (stealth).
   449 | D:1      | 449 ||| Stepping ~*~*~tactically~*~*~ (stealth).
   450 | D:1      | 450 ||| Stepping ~*~*~tactically~*~*~ (stealth).
   451 | D:1      | 451 ||| Stepping ~*~*~tactically~*~*~ (stealth).
   454 | D:1      | 454 ||| Stepping ~*~*~tactically~*~*~ (stealth).
   455 | D:1      | 455 ||| Stepping ~*~*~tactically~*~*~ (stealth).
   457 | D:1      | 457 ||| Stepping ~*~*~tactically~*~*~ (stealth).
   458 | D:1      | 458 ||| Stepping ~*~*~tactically~*~*~ (stealth).
   589 | D:1      | Reached XP level 2. HP: 26/26 MP: 1/1
   973 | D:1      | 973 ||| READING 2 scrolls labelled VECIPYDAU.
   974 | D:1      | 974 ||| READING scroll labelled NUKLYRU QEWK.
  1127 | D:2      | Noticed Sigmund
  1130 | D:2      | 1130 ||| INVOKING Berserk.
  1135 | D:2      | HP: 9/39 [constriction (4)]
  1136 | D:2      | Killed Sigmund
  1137 | D:2      | Reached skill level 7 in Axes
  1137 | D:2      | Reached XP level 3. HP: 11/31 MP: 2/2
  1137 | D:2      | Reached XP level 4. HP: 14/39 MP: 3/3
  1137 | D:2      | Reached XP level 5. HP: 16/45 MP: 4/4
  1457 | D:2      | 1457 ||| Stepping ~*~*~tactically~*~*~ (stealth).
  1794 | D:2      | Reached ** piety under Trog
  1797 | D:2      | Reached skill level 1 in Throwing
  1803 | D:2      | 1803 ||| Stepping ~*~*~tactically~*~*~ (stealth).
  1995 | D:2      | 1995 ||| UPGRADING to +0 ring mail.
  2005 | D:2      | 2005 ||| DROPPING +0 animal skin.
  2006 | D:2      | 2006 ||| UPGRADING to ring of see invisible.
  2007 | D:2      | 2007 ||| UPGRADING to ring of poison resistance.
  2008 | D:2      | 2008 ||| READING 2 scrolls labelled CEZUMN JYLIEKA.
  2009 | D:2      | 2009 ||| READING scroll labelled ZADUAR NAOLOE.
  2010 | D:2      | 2010 ||| READING 2 scrolls labelled ZORCHU RUESOSM.
  2011 | D:2      | 2011 ||| READING scroll labelled AGOECW QOHA.
  2012 | D:2      | 2012 ||| DRINKING 2 white potions.
  2013 | D:2      | 2013 ||| DRINKING 2 coppery potions.
  2014 | D:2      | 2014 ||| READING 2 scrolls of identify.
  2014 | D:2      | 2014 ||| IDENTIFYING blue potion
  2015 | D:2      | 2015 ||| DROPPING potion of flight.
  2016 | D:2      | 2016 ||| DROPPING scroll of magic mapping.
  2017 | D:2      | 2017 ||| DROPPING scroll of fog.
  2115 | D:3      | Found an ornate altar of the Wu Jian Council.
  2162 | D:3      | Noticed Natasha
  2166 | D:3      | 2166 ||| INVOKING Berserk.
  2171 | D:3      | Killed Natasha
  2223 | D:3      | Found a faded altar of an unknown god.
  2236 | D:3      | Noticed Natasha
  2237 | D:3      | 2237 ||| INVOKING Berserk.
  2240 | D:3      | Killed Natasha
  2441 | D:3      | Noticed Grinder
  2455 | D:3      | 2455 ||| INVOKING Trog's Hand.
  2456 | D:3      | 2456 ||| INVOKING Berserk.
  2460 | D:3      | Killed Grinder
  2461 | D:3      | Reached skill level 8 in Axes
  2461 | D:3      | Reached XP level 6. HP: 53/53 MP: 5/5
  2587 | D:3      | Noticed Natasha
  2588 | D:3      | 2588 ||| READING scroll labelled ECZAGUE SEPINU.
  2589 | D:3      | 2589 ||| READING 3 scrolls of identify.
  2589 | D:3      | 2589 ||| IDENTIFYING fizzy cyan potion
  2590 | D:3      | 2590 ||| READING 2 scrolls of identify.
  2590 | D:3      | 2590 ||| IDENTIFYING orange potion
  2591 | D:3      | 2591 ||| DROPPING potion of attraction.
  2592 | D:3      | 2592 ||| DROPPING potion of berserk rage.
  2593 | D:3      | 2593 ||| Stepping randomly (stuck).
  2595 | D:3      | 2595 ||| Stepping randomly (stuck).
  2597 | D:3      | 2597 ||| Stepping randomly (stuck).
  2599 | D:3      | 2599 ||| Stepping randomly (stuck).
  2601 | D:3      | 2601 ||| Stepping randomly (stuck).
  2602 | D:3      | 2602 ||| Stepping randomly (stuck).
  2603 | D:3      | 2603 ||| Stepping randomly (stuck).
  2605 | D:3      | 2605 ||| Stepping randomly (stuck).
  2606 | D:3      | 2606 ||| Stepping randomly (stuck).
  2607 | D:3      | 2607 ||| Stepping randomly (stuck).
  2608 | D:3      | 2608 ||| Stepping randomly (stuck).
  2609 | D:3      | 2609 ||| Stepping randomly (stuck).
  2610 | D:3      | 2610 ||| Stepping randomly (stuck).
  2611 | D:3      | 2611 ||| Stepping randomly (stuck).
  2612 | D:3      | 2612 ||| Stepping randomly (stuck).
  2613 | D:3      | 2613 ||| Stepping randomly (stuck).
  2614 | D:3      | 2614 ||| Stepping randomly (stuck).
  2615 | D:3      | 2615 ||| Stepping randomly (stuck).
  2616 | D:3      | 2616 ||| Stepping randomly (stuck).
  2617 | D:3      | 2617 ||| Stepping randomly (stuck).
  2623 | D:3      | Reached skill level 9 in Axes
  2643 | D:3      | 2643 ||| Stepping randomly (stuck).
  2644 | D:3      | 2644 ||| Stepping randomly (stuck).
  2645 | D:3      | 2645 ||| Stepping randomly (stuck).
  2646 | D:3      | 2646 ||| Stepping randomly (stuck).
  2647 | D:3      | 2647 ||| Stepping randomly (stuck).
  2648 | D:3      | 2648 ||| Stepping randomly (stuck).
  2649 | D:3      | 2649 ||| Stepping randomly (stuck).
  2650 | D:3      | 2650 ||| Stepping randomly (stuck).
  2651 | D:3      | 2651 ||| Stepping randomly (stuck).
  2652 | D:3      | 2652 ||| Stepping randomly (stuck).
  2653 | D:3      | 2653 ||| Stepping randomly (stuck).
  2654 | D:3      | 2654 ||| Stepping randomly (stuck).
  2655 | D:3      | 2655 ||| Stepping randomly (stuck).
  2656 | D:3      | 2656 ||| Stepping randomly (stuck).
  2657 | D:3      | 2657 ||| Stepping randomly (stuck).
  2658 | D:3      | 2658 ||| Stepping randomly (stuck).
  2659 | D:3      | 2659 ||| Stepping randomly (stuck).
  2660 | D:3      | 2660 ||| Stepping randomly (stuck).
  2661 | D:3      | 2661 ||| Stepping randomly (stuck).
  2662 | D:3      | 2662 ||| Stepping randomly (stuck).
  2663 | D:3      | 2663 ||| Stepping randomly (stuck).
  2664 | D:3      | 2664 ||| Stepping randomly (stuck).
  2665 | D:3      | 2665 ||| Stepping randomly (stuck).
  2666 | D:3      | 2666 ||| Stepping randomly (stuck).
  2667 | D:3      | 2667 ||| Stepping randomly (stuck).
  2668 | D:3      | 2668 ||| Stepping randomly (stuck).
  2669 | D:3      | 2669 ||| Stepping randomly (stuck).
  2670 | D:3      | 2670 ||| Stepping randomly (stuck).
  2671 | D:3      | 2671 ||| Stepping randomly (stuck).
  2672 | D:3      | 2672 ||| Stepping randomly (stuck).
  2673 | D:3      | 2673 ||| Stepping randomly (stuck).
  2674 | D:3      | 2674 ||| Stepping randomly (stuck).
  2675 | D:3      | 2675 ||| Stepping randomly (stuck).
  2676 | D:3      | 2676 ||| Stepping randomly (stuck).
  2677 | D:3      | 2677 ||| Stepping randomly (stuck).
  2678 | D:3      | 2678 ||| Stepping randomly (stuck).
  2679 | D:3      | 2679 ||| Stepping randomly (stuck).
  2680 | D:3      | 2680 ||| Stepping randomly (stuck).
  2681 | D:3      | 2681 ||| Stepping randomly (stuck).
  2682 | D:3      | 2682 ||| Stepping randomly (stuck).
  2683 | D:3      | 2683 ||| Stepping randomly (stuck).
  2684 | D:3      | 2684 ||| Stepping randomly (stuck).
  2685 | D:3      | 2685 ||| Stepping randomly (stuck).
  2686 | D:3      | 2686 ||| Stepping randomly (stuck).
  2687 | D:3      | 2687 ||| Stepping randomly (stuck).
  2688 | D:3      | 2688 ||| Stepping randomly (stuck).
  2689 | D:3      | 2689 ||| Stepping randomly (stuck).
  2690 | D:3      | 2690 ||| Stepping randomly (stuck).
  2691 | D:3      | 2691 ||| Stepping randomly (stuck).
  2692 | D:3      | 2692 ||| Stepping randomly (stuck).
  2693 | D:3      | 2693 ||| Stepping randomly (stuck).
  2694 | D:3      | 2694 ||| Stepping randomly (stuck).
  2695 | D:3      | 2695 ||| Stepping randomly (stuck).
  2696 | D:3      | 2696 ||| Stepping randomly (stuck).
  2697 | D:3      | 2697 ||| Stepping randomly (stuck).
  2698 | D:3      | 2698 ||| Stepping randomly (stuck).
  2699 | D:3      | 2699 ||| Stepping randomly (stuck).
  2700 | D:3      | 2700 ||| Stepping randomly (stuck).
  2701 | D:3      | 2701 ||| Stepping randomly (stuck).
  2702 | D:3      | 2702 ||| Stepping randomly (stuck).
  2703 | D:3      | 2703 ||| Stepping randomly (stuck).
  2704 | D:3      | 2704 ||| Stepping randomly (stuck).
  2705 | D:3      | 2705 ||| Stepping randomly (stuck).
  2706 | D:3      | 2706 ||| Stepping randomly (stuck).
  2707 | D:3      | 2707 ||| Stepping randomly (stuck).
  2708 | D:3      | 2708 ||| Stepping randomly (stuck).
  2709 | D:3      | 2709 ||| Stepping randomly (stuck).
  2710 | D:3      | 2710 ||| Stepping randomly (stuck).
  2711 | D:3      | 2711 ||| Stepping randomly (stuck).
  2712 | D:3      | 2712 ||| Stepping randomly (stuck).
  2713 | D:3      | 2713 ||| Stepping randomly (stuck).
  2714 | D:3      | 2714 ||| Stepping randomly (stuck).
  2715 | D:3      | 2715 ||| Stepping randomly (stuck).
  2716 | D:3      | 2716 ||| Stepping randomly (stuck).
  2717 | D:3      | 2717 ||| Stepping randomly (stuck).
  2718 | D:3      | 2718 ||| Stepping randomly (stuck).
  2719 | D:3      | 2719 ||| Stepping randomly (stuck).
  2720 | D:3      | 2720 ||| Stepping randomly (stuck).
  2721 | D:3      | 2721 ||| Stepping randomly (stuck).
  2782 | D:3      | 2782 ||| Stepping ~*~*~tactically~*~*~ (stealth).
  2805 | D:3      | 2805 ||| Stepping ~*~*~tactically~*~*~ (hiding).
  3202 | D:3      | 3202 ||| UPGRADING to amulet of guardian spirit.
  3207 | D:3      | 3207 ||| DRINKING 2 bubbling coppery potions.
  3207 | D:3      | Gained mutation: You are clumsy. (Dex -2) [potion of
                  | mutation]
  3257 | D:4      | 3257 ||| INVOKING Berserk.
  3261 | D:4      | Reached XP level 7. HP: 60/61 MP: 3/6
  3651 | D:4      | Found a burning altar of Makhleb.
  3815 | D:4      | Found a shadowy altar of Dithmenos.
  3952 | D:4      | Found Zedoluwo's Weapon Boutique.
  3960 | D:4      | 3960 ||| BUYING +0 war axe (45 gold).
  3960 | D:4      | Bought a +0 war axe for 45 gold pieces
  3960 | D:4      | 3960 ||| SWAPPING to +0 war axe.
  3961 | D:4      | 3961 ||| DROPPING +0 hand axe.
  4178 | D:4      | 4178 ||| READING scroll labelled FIUGHI HAUR.
  4179 | D:4      | 4179 ||| DRINKING 2 amethyst potions.
  4280 | D:4      | 4280 ||| READING 2 scrolls of identify.
  4280 | D:4      | 4280 ||| IDENTIFYING fuming golden potion
  4281 | D:4      | 4281 ||| DROPPING potion of invisibility.
  4282 | D:4      | 4282 ||| DROPPING potion of ambrosia.
  4322 | D:5      | Entered Level 5 of the Dungeon
  4325 | D:5      | 4325 ||| STAIRDANCE
  4349 | D:5      | Reached skill level 10 in Axes
  4349 | D:5      | 4349 ||| STAIRDANCE
  4625 | D:5      | Found a staircase to the Ecumenical Temple.
  4651 | D:5      | Reached skill level 6 in Fighting
  4667 | D:5      | 4667 ||| DROPPING +2 whip of holy wrath.
  4713 | D:5      | Reached XP level 8. HP: 70/70 MP: 7/7
  4771 | D:5      | 4771 ||| INVOKING Berserk.
  4961 | D:5      | 4961 ||| INVOKING Berserk.
  4970 | D:5      | Reached skill level 11 in Axes
  5334 | D:5      | 5334 ||| READING scroll labelled FAIXTUOTTA.
  5337 | D:5      | 5337 ||| DRINKING 2 golden potions.
  5365 | D:5      | 5365 ||| DROPPING potion of lignification.
  5396 | D:6      | 5396 ||| Stepping ~*~*~tactically~*~*~ (hiding).
  5397 | D:6      | 5397 ||| Stepping ~*~*~tactically~*~*~ (hiding).
  5398 | D:6      | 5398 ||| Stepping ~*~*~tactically~*~*~ (hiding).
  5466 | D:6      | 5466 ||| Stepping ~*~*~tactically~*~*~ (cloud).
  5471 | D:6      | 5471 ||| INVOKING Berserk.
  5475 | D:6      | Reached skill level 12 in Axes
  5551 | D:6      | 5551 ||| FLEEEEING.
  5553 | D:6      | 5553 ||| FLEEEEING.
  5554 | D:6      | 5554 ||| FLEEEEING.
  5556 | D:6      | 5556 ||| FLEEEEING.
  5557 | D:6      | 5557 ||| FLEEEEING.
  5558 | D:6      | 5558 ||| FLEEEEING.
  5559 | D:6      | 5559 ||| FLEEEEING.
  5560 | D:6      | 5560 ||| FLEEEEING.
  5561 | D:6      | 5561 ||| FLEEEEING.
  5748 | D:6      | 5748 ||| Stepping ~*~*~tactically~*~*~ (stealth).
  5751 | D:6      | 5751 ||| Stepping ~*~*~tactically~*~*~ (hiding).
  5847 | D:6      | 5847 ||| Stepping ~*~*~tactically~*~*~ (stealth).
  5848 | D:6      | 5848 ||| Stepping ~*~*~tactically~*~*~ (stealth).
  5850 | D:6      | 5850 ||| Stepping ~*~*~tactically~*~*~ (hiding).
  5944 | D:6      | Found a hide-covered altar of Uskayaw.
  6115 | D:6      | Reached XP level 9. HP: 79/79 MP: 8/8
  6124 | D:6      | 6124 ||| UPGRADING to +0 cloak.
  6129 | D:6      | 6129 ||| READING scroll labelled ILIMYON AKOGH.
  6130 | D:6      | 6130 ||| READING scroll labelled HUVAPP LIRACO.
  6281 | D:6      | 6281 ||| READING 2 scrolls of identify.
  6281 | D:6      | 6281 ||| IDENTIFYING smoky brown potion
  6282 | D:6      | 6282 ||| DROPPING potion of brilliance.
  6307 | D:7      | 6307 ||| PLANNING OSSUARY
  6307 | D:7      | 6307 ||| STAIRDANCE
  6312 | D:7      | 6312 ||| STAIRDANCE
  6314 | D:6      | 6314 ||| INVOKING Berserk.
  6424 | D:7      | 6424 ||| STAIRDANCE
  6439 | D:7      | 6439 ||| STAIRDANCE
  6531 | D:7      | 6531 ||| STAIRDANCE
  6739 | D:7      | Reached skill level 13 in Axes
  6847 | D:7      | 6847 ||| INVOKING Berserk.
  6885 | D:7      | Reached skill level 3 in Armour
  6995 | D:7      | Found a runed translucent gate.
  6995 | D:7      | Noticed qw's ghost (novice MiBe)
  6996 | D:7      | Found a runed translucent gate.
  6997 | D:7      | Found a runed translucent gate.
  7038 | D:7      | 7038 ||| Stepping ~*~*~tactically~*~*~ (hiding).
  7067 | D:7      | Reached skill level 3 in Throwing
  7072 | D:7      | 7072 ||| RIP OSSUARY
  7087 | D:7      | 7087 ||| PLANNING D:1-11
  7109 | D:7      | Noticed a troll
  7110 | D:7      | 7110 ||| Stepping ~*~*~tactically~*~*~ (stealth).
  7114 | D:7      | 7114 ||| INVOKING Berserk.
  7116 | D:7      | Killed a troll
  7325 | D:7      | 7325 ||| FLEEEEING.
  7414 | D:7      | 7414 ||| Stepping ~*~*~tactically~*~*~ (hiding).
  7415 | D:7      | 7415 ||| Stepping ~*~*~tactically~*~*~ (hiding).
  7417 | D:7      | 7417 ||| Stepping ~*~*~tactically~*~*~ (hiding).
  7470 | D:7      | 7470 ||| Stepping ~*~*~tactically~*~*~ (stealth).
  7472 | D:7      | 7472 ||| Stepping ~*~*~tactically~*~*~ (stealth).
  7473 | D:7      | 7473 ||| Stepping ~*~*~tactically~*~*~ (stealth).
  7477 | D:7      | 7477 ||| FLEEEEING.
  7478 | D:7      | 7478 ||| FLEEEEING.
  7540 | D:7      | 7540 ||| FLEEEEING.
  7542 | D:7      | 7542 ||| FLEEEEING.
  7543 | D:7      | 7543 ||| FLEEEEING.
  7544 | D:7      | 7544 ||| FLEEEEING.
  7545 | D:7      | 7545 ||| FLEEEEING.
  7618 | D:7      | 7618 ||| INVOKING Berserk.
  8181 | D:7      | 8181 ||| DROPPING orb of energy.
  8182 | D:7      | 8182 ||| READING scroll labelled BENYRE HACOOT.
  8211 | D:8      | Found a staircase to the Lair.
  8215 | D:8      | 8215 ||| INVOKING Berserk.
  8228 | D:8      | Reached *** piety under Trog
  8381 | D:8      | 8381 ||| Stepping ~*~*~tactically~*~*~ (hiding).
  8392 | D:8      | 8392 ||| INVOKING Berserk.
  8393 | D:8      | Reached skill level 14 in Axes
  8421 | D:8      | 8421 ||| Stepping ~*~*~tactically~*~*~ (stealth).
  8424 | D:8      | 8424 ||| FLEEEEING.
  8557 | D:8      | 8557 ||| Stepping ~*~*~tactically~*~*~ (stealth).
  8698 | D:8      | 8698 ||| Stepping ~*~*~tactically~*~*~ (stealth).
  8700 | D:8      | 8700 ||| Stepping ~*~*~tactically~*~*~ (hiding).
  8701 | D:8      | 8701 ||| Stepping ~*~*~tactically~*~*~ (hiding).
  8718 | D:8      | 8718 ||| INVOKING Berserk.
  8727 | D:8      | Reached skill level 15 in Axes
  8727 | D:8      | Reached XP level 10. HP: 42/88 MP: 2/9
  9044 | D:8      | 9044 ||| INVOKING Berserk.
  9214 | D:8      | Found a sparkling altar of Nemelex Xobeh.
  9218 | D:8      | Found a sacrificial altar of Ru.
  9222 | D:8      | Found a bloodstained altar of Trog.
  9287 | D:8      | 9287 ||| PLANNING LAIR
  9287 | D:8      | 9287 ||| UPGRADING to +0 pair of boots.
  9292 | D:8      | 9292 ||| UPGRADING to +0 chain mail.
  9302 | D:8      | 9302 ||| DROPPING +0 ring mail.
  9303 | D:8      | 9303 ||| UPGRADING to +0 plate armour.
  9313 | D:8      | 9313 ||| DROPPING +0 chain mail.
  9362 | Lair:1   | Entered Level 1 of the Lair of Beasts
  9362 | Lair:1   | Noticed a cane toad
  9365 | Lair:1   | 9365 ||| INVOKING Berserk.
  9369 | Lair:1   | Killed a cane toad
  9422 | Lair:1   | Noticed a six-headed hydra
  9423 | Lair:1   | 9423 ||| SWAPPING to +0 flail.
  9426 | Lair:1   | 9426 ||| INVOKING Berserk.
  9426 | Lair:1   | HP: 32/133 [six-headed hydra (10)]
  9428 | Lair:1   | HP: 12/133 [six-headed hydra (12)]
  9430 | Lair:1   | Killed a six-headed hydra
  9431 | Lair:1   | Reached skill level 6 in Armour
  9455 | Lair:1   | 9455 ||| Stepping ~*~*~tactically~*~*~ (stealth).
  9456 | Lair:1   | 9456 ||| Stepping ~*~*~tactically~*~*~ (stealth).
  9457 | Lair:1   | 9457 ||| READING 3 scrolls of teleportation.
  9458 | Lair:1   | 9458 ||| SWAPPING to +0 war axe.
  9459 | Lair:1   | HP: 8/89 [basilisk (10)]
  9462 | Lair:1   | 9462 ||| READING 2 scrolls of teleportation.
  9465 | Lair:1   | Noticed a death yak
  9465 | Lair:1   | Noticed a death yak
  9467 | Lair:1   | Noticed a death yak
  9469 | Lair:1   | 9469 ||| READING scroll of teleportation.
  9472 | Lair:1   | HP: 5/89 [death yak (6)]
  9885 | Lair:1   | 9885 ||| DRINKING 3 potions of cancellation.
 10001 | Lair:1   | Noticed a cane toad
 10005 | Lair:1   | 10005 ||| INVOKING Berserk.
 10007 | Lair:1   | Killed a cane toad
 10068 | Lair:1   | Noticed Gastronok
 10069 | Lair:1   | 10069 ||| Stepping ~*~*~tactically~*~*~ (hiding).
 10069 | Lair:1   | Noticed a cane toad
 10070 | Lair:1   | 10070 ||| Stepping ~*~*~tactically~*~*~ (stealth).
 10075 | Lair:1   | 10075 ||| INVOKING Berserk.
 10082 | Lair:1   | Killed Gastronok
 10086 | Lair:1   | Killed a cane toad
 10424 | Lair:1   | 10424 ||| INVOKING Berserk.
 10430 | Lair:1   | Killed a death yak
 10434 | Lair:1   | Killed a death yak
 10435 | Lair:1   | Reached XP level 11. HP: 101/101 MP: 10/10
 10442 | Lair:1   | Killed a death yak
 10690 | Lair:1   | Noticed Fannar
 10691 | Lair:1   | 10691 ||| Stepping ~*~*~tactically~*~*~ (hiding).
 10694 | Lair:1   | 10694 ||| Stepping ~*~*~tactically~*~*~ (hiding).
 10695 | Lair:1   | 10695 ||| Stepping ~*~*~tactically~*~*~ (hiding).
 10696 | Lair:1   | 10696 ||| Stepping ~*~*~tactically~*~*~ (hiding).
 10697 | Lair:1   | 10697 ||| INVOKING Berserk.
 10712 | Lair:1   | Killed Fannar
 10713 | Lair:1   | Reached skill level 16 in Axes
 10990 | Lair:1   | Noticed Nergalle
 10995 | Lair:1   | Noticed a spectral orc warlord
 10997 | Lair:1   | 10997 ||| INVOKING Berserk.
 10997 | Lair:1   | HP: 30/136 [spectral orc warlord/+2 vorpal
                  | battleaxe[Nergalle] (8)]
 10997 | Lair:1   | HP: 10/132 [spectral orc knight/+0 great sword[Nergalle]
                  | (14)]
 10997 | Lair:1   | HP: 4/132 [spectral orc knight/+0 vorpal bardiche[Nergalle]
                  | (6)]
 10997 | Lair:1   | HP: 1/129 [spectral orc knight/+0 vorpal bardiche[Nergalle]
                  | (2)]
 10997 | Lair:1   | Mangled by a spectral orc warrior

Levels and vault maps discovered:
D:1:      wheals_arrival_linesprint, layout_basic, minmay_rat_gold_closets
D:2:      layout_basic, dk_vineyard_3, kennysheep_boxes, uniq_sigmund
D:3:      layout_loops_cross, amcnicky_altar_gilded,
          shapermc_ecumenical_altar_acropolis, uniq_grinder, uniq_natasha
D:4:      layout_basic, bloody_makhleb,
          nicolae_dithmenos_through_a_glass_darkly, serial_shops,
          nicolae_stop_n_shop_1, dk_noncrumbling_4
D:5:      layout_gridville, minmay_temple_entry_hall, minivault_25,
          patterned_corridor
D:6:      layout_rooms, kennysheep_little_box, nrook_campfire
D:7:      layout_basic, nicolae_ossuary_entry_catacombs,
          biasface_ghost_orc_armoury, chequers_serial_rivers_room_a,
          eino_curves_01, kennysheep_generic_room_9
D:8:      layout_rooms, grunt_temple_overflow_diamond, lair_entry_dummy
Lair:1:   layout_layer_cave, nicolae_lair_grove_arrangements,
          grunt_megastairs_1, serial_bayou_shore_b, uniq_nergalle,
          uniq_gastronok, uniq_fannar

Skill      XL: |  1  2  3  4  5  6  7  8  9 10 11 |
---------------+----------------------------------+-----
Axes           | 4 7 8 9 10 12 15 16 | 16.2
Throwing       | 1 2 3 |  3.4
Fighting       | 4 5 6 7 8 10 | 10.6
Armour         | 3 8 |  8.6
Dodging        | |  2.1

Action                   |  1- 3 |  4- 6 |  7- 9 | 10-12 || total
-------------------------+-------+-------+-------+-------++-------
Melee: Hand axe          |    35 |    79 |    27 |       ||   141
       Headbutt          |     2 |    14 |    41 |    20 ||    77
       Punch             |     1 |       |     2 |       ||     3
       War axe           |       |       |   240 |    82 ||   322
       Flail             |       |       |       |     6 ||     6
Throw: Javelin           |     8 |    32 |    67 |    17 ||   124
Invok: Berserk           |     2 |     4 |    10 |     8 ||    24
       Trog's Hand       |       |     1 |       |       ||     1
  Use: Scroll            |     2 |     8 |     7 |     3 ||    20
       Potion            |       |     3 |     2 |     1 ||     6
Armor: Animal skin       |     2 |     3 |       |       ||     5
       Ring mail         |       |    22 |    52 |     3 ||    77
       Plate armour      |       |       |       |    28 ||    28
Dodge: Dodged            |    14 |    30 |   136 |    25 ||   205

Table legend:
 A = Non-vault XP
 B = Vault XP
 C = Vault XP percentage of total XP
 D = Non-vault monster count
 E = Vault monster count
 F = Vault count percentage of total count
                 A         B        C        D         E       F
            +---------+---------+-------+---------+---------+-------
      Total |    9229 |    4513 |  32.8 |     157 |      22 |  12.3
            +---------+---------+-------+---------+---------+-------
        D:1 |      12 |       8 |  40.0 |       7 |       8 |  53.3
        D:2 |      33 |     226 |  87.3 |      17 |       1 |   5.6
        D:3 |     131 |     307 |  70.1 |      20 |       2 |   9.1
        D:4 |     337 |       0 |   0.0 |       8 |       0 |   0.0
        D:5 |     839 |       0 |   0.0 |      18 |       0 |   0.0
        D:6 |    1002 |       0 |   0.0 |      23 |       0 |   0.0
        D:7 |    1058 |     270 |  20.3 |      22 |       6 |  21.4
        D:8 |    1729 |       0 |   0.0 |      33 |       0 |   0.0
     Lair:1 |    4088 |    3702 |  47.5 |       9 |       5 |  35.7
            +---------+---------+-------+---------+---------+-------
